Cogmind - Beta 12 --- EXPLORER MODE // 2024.01.06 @ 15:30:42 Player: Olexender Result: Destroyed by G-67 Veteran with Field Laser Performance ------------- Evolutions (6) 3000 Regions Visited (16) 3200 Robots Destroyed (382) 1910 Value Destroyed (19799) 19799 Prototype IDs (11) 220 Alien Tech Used (0) 0 Bonus (9230) 9230 TOTAL SCORE: 37359 Bonus ------- Triggered High Security 500 High Alert Combat Kills 5742 Follower Combat Kills 818 Entered Garrisons 400 Used RIF Installer 1000 Entered DSFs 1000 Friendly Fire -230 Cogmind --------- Core Integrity 0/1150 Matter 280/300 Energy 484/500 System Corruption 4% Temperature Cool (0) Movement Core (200) Ox3 Location -4/Factory Parts ------- > --- POWER (3) -------- (None) > --- PROPULSION (7) --- (None) > --- UTILITY (7) ------ Improved Energy Well > --- WEAPON (3) ------- Heavy Mace Power Sword > --- INVENTORY (5) ---- Relay Coupler [Proto] (20) Relay Coupler [Proto] (20) Relay Coupler [Proto] (20) Advanced Remote Datajack Peak State ------------ > --- POWER ------------ Light Antimatter Reactor Light Antimatter Reactor Light Quantum Reactor > --- PROPULSION ------- Armored Leg Armored Leg Armored Leg Myomer Leg Myomer Leg Myomer Leg Myomer Leg > --- UTILITY ---------- Advanced Power Amplifier Improved Cooling System Advanced Cooling System Huge Storage Unit Improved Medium Armor Plating Advanced Force Field Improved System Guard > --- WEAPON ----------- Nova Cannon Antimatter Cannon Antimatter Cannon > --- INVENTORY -------- Neutrino Core Reinforced Fission Core Light Antimatter Reactor Power Amplifier Improved Energy Well Matter Compressor Structural Scanner Improved Phase Shifter Improved Force Field Improved Force Field Improved Force Field Improved Force Field Point Defense Array Relay Coupler [Proto] Relay Coupler [Proto] Relay Coupler [Proto] Improved Field Recycling Unit Railgun Antimatter Cannon Heavy Missile Launcher Micro-nuke Launcher Advanced Remote Datajack Power Sword Power Sword [Rating: 138] Favorites ----------- Power Neutrino Core Engine Deuterium Engine Power Core Neutrino Core Reactor Micro Antimatter Reactor Propulsion Flexi-carbon Leg Treads Light Treads Leg Flexi-carbon Leg Wheel Compact Wheel Utility Huge Storage Unit Device Advanced Cooling System Storage Huge Storage Unit Processor Enhanced Optical Array Hackware Improved Hacking Suite Protection Hardened Medium Armor Plating Weapon Antimatter Cannon Energy Gun Particle Gun Energy Cannon Advanced Plasma Cannon Ballistic Gun Enhanced Autogun Ballistic Cannon Antimatter Cannon Launcher Rocket Launcher Impact Weapon Heavy Mace Slashing Weapon Power Sword Build | -11 -10 -10 -10 -9 -8 -7 -7 -6 -6 -6 -6 -5 -5 -4 -4 -4 ------- Run | Jun Mat Min Exi Min Mat Fac DSF Fac Gar Fac DSF Fac Ext Fac Gar Fac Slots Evolved 13 | . 1 . . . 4 2 . 2 . . . 2 . 2 . . Power 2 | . 1 . . . . . . . . . . . . 1 . . Propulsion 5 | . . . . . 2 1 . 1 . . . 1 . . . . Utility 5 | . . . . . 2 1 . 1 . . . 1 . . . . Weapon 1 | . . . . . . . . . . . . . . 1 . . Parts Attached 399 | 5 17 5 . 7 42 1 13 24 44 . 24 64 25 15 46 67 Power 52 | 1 4 . . 1 4 . . 6 6 . . 4 3 3 8 12 Engine 11 | 1 2 . . 1 2 . . 3 2 . . . . . . . Core 19 | . 2 . . . 2 . . 3 2 . . 2 3 . 3 2 Reactor 22 | . . . . . . . . . 2 . . 2 . 3 5 10 Propulsion 120 | 2 2 2 . 2 11 1 6 7 16 . 8 26 10 . 12 15 Treads 2 | . . . . . 2 . . . . . . . . . . . Leg 113 | 2 2 2 . 2 9 1 6 7 16 . 8 21 10 . 12 15 Wheel 5 | . . . . . . . . . . . . 5 . . . . Hover . | . . . . . . . . . . . . . . . . . Flight . | . . . . . . . . . . . . . . . . . Utility 149 | . 2 2 . 1 22 . 6 8 10 . 14 22 12 8 18 24 Device 107 | . 1 2 . . 18 . 5 5 6 . 9 11 9 6 15 20 Storage 8 | . 1 . . 1 . . . 1 1 . . 2 1 . . 1 Processor 5 | . . . . . . . . 1 . . 1 1 . 1 . 1 Hackware 6 | . . . . . . . . 1 . . 1 . 1 . 2 1 Protection 23 | . . . . . 4 . 1 . 3 . 3 8 1 1 1 1 Artifact . | . . . . . . . . . . . . . . . . . Weapon 78 | 2 9 1 . 3 5 . 1 3 12 . 2 12 . 4 8 16 Energy Gun 16 | 2 6 1 . . 2 . . . 3 . 1 . . . . 1 Energy Cannon 7 | . . . . . 1 . . . . . . 4 . 1 1 . Ballistic Gun 10 | . . . . . 1 . 1 1 1 . 1 2 . . 1 2 Ballistic Cannon 18 | . 3 . . 1 1 . . . . . . 4 . 2 3 4 Launcher 15 | . . . . 2 . . . 2 3 . . . . 1 3 4 Special Weapon . | . . . . . . . . . . . . . . . . . Impact Weapon 1 | . . . . . . . . . . . . . . . . 1 Slashing Weapon 11 | . . . . . . . . . 5 . . 2 . . . 4 Piercing Weapon . | . . . . . . . . . . . . . . . . . Special Melee Weapon . | . . . . . . . . . . . . . . . . . Unidentified Prototypes 7 | . . 1 . . 1 . 1 . . . . 3 1 . . . Parts Lost 107 | . . . . 3 3 . 2 5 21 . 2 17 3 2 17 32 Power 18 | . . . . . 1 . . 2 3 . . 1 1 . 3 7 Propulsion 31 | . . . . 1 . . . . 12 . 1 7 . . 6 4 Utility 42 | . . . . 1 1 . 2 1 4 . 1 6 2 2 7 15 Weapon 16 | . . . . 1 1 . . 2 2 . . 3 . . 1 6 Highest Loss Streak 16 | . . . . 3 1 . 1 5 10 . 1 9 1 1 6 16 To Critical Strikes . | . . . . . . . . . . . . . . . . . Average Slot Usage (%) 90 | . 97 100 100 90 92 89 94 94 89 100 96 81 90 98 93 86 Engine 4 | . 11 12 12 12 7 7 7 9 1 . . . . . . . Core 6 | . 11 12 12 12 8 7 7 1 8 . . 3 6 5 1 3 Reactor 4 | . . . . . . . . . 1 12 12 6 2 8 12 10 Leg 29 | . 25 25 25 24 26 32 35 36 29 37 34 31 32 35 32 27 Device 16 | . 11 12 12 3 20 21 19 15 12 12 15 15 22 21 22 19 Storage 7 | . 11 12 12 12 8 7 7 11 6 6 6 5 5 5 5 5 Processor 1 | . . . . . . . . . 6 6 1 . . . . 3 Hackware 1 | . . . . . . . . 3 6 6 6 1 1 5 2 2 Protection 2 | . . . . . 3 . 3 . 2 6 5 3 1 2 2 2 Energy Gun 2 | . 15 12 12 2 2 7 . . 1 . 5 1 . . . . Energy Cannon 2 | . . . . . 5 . . . . . . 3 5 7 4 3 Ballistic Gun 1 | . . . . . 1 7 13 6 2 . 5 1 . . . . Ballistic Cannon 5 | . 8 12 12 11 6 . . . . . . 3 5 6 9 7 Launcher 1 | . . . . 9 . . . 5 . . . . . . . . Slashing Weapon 1 | . . . . . . . . . 7 12 . . . . . . Naked Turns . | . . . . . . . . . . . . . . . . . Heaviest Build 195 | 7 27 27 27 40 55 47 58 100 84 72 86 141 136 165 195 192 Greatest Support 151 | 20 20 27 27 27 61 67 100 120 126 126 127 144 136 136 144 151 Greatest Overweight (x) 48 | 1 1 1 . 2 1 . . . 1 . 1 43 1 1 1 48 Average Overweight (x) . | . . . . . . . . . . . . . . . 1 1 Largest Inventory Capacity 25 | 5 10 10 10 15 15 15 15 20 20 20 20 25 25 25 25 25 Average Capacity 19 | 5 9 10 10 14 15 15 15 19 20 20 20 22 25 25 25 24 Most Carried 25 | 5 10 10 10 10 15 15 15 20 20 18 20 24 25 25 25 25 Average Carried 15 | 2 7 9 10 9 13 15 13 15 15 18 19 17 17 23 20 21 Final Capacity 25 | 5 10 10 10 15 15 15 15 20 20 20 20 25 25 25 25 5 Final Carried 25 | 2 10 10 10 9 15 15 13 14 18 18 20 11 25 25 25 4 Class Distribution -------------------- 60% | Hacker-Mutant 14% | Hacker-Skirmisher 10% | Scavenger-Tank 7% | Hacker-Tank 4% | Scavenger-Mutant Dominant Class ---------------- Hacker-Mutant | -10/Materials Hacker-Mutant | -10/Mines Hacker-Mutant | -10/Exiles Hacker-Mutant | -9/Mines Hacker-Mutant | -8/Materials Hacker-Mutant | -7/Factory Hacker-Mutant | -7/DSF Hacker-Mutant | -6/Factory Hacker-Mutant | -6/Garrison Hacker-Mutant | -6/Factory Hacker-Mutant | -6/DSF Hacker-Skirmisher | -5/Factory Hacker-Mutant | -5/Extension Hacker-Tank | -4/Factory Scavenger-Tank | -4/Garrison Scavenger-Tank | -4/Factory Resources | -11 -10 -10 -10 -9 -8 -7 -7 -6 -6 -6 -6 -5 -5 -4 -4 -4 ----------- Run | Jun Mat Min Exi Min Mat Fac DSF Fac Gar Fac DSF Fac Ext Fac Gar Fac Matter Collected 12030 | 226 352 88 . 305 1001 . 540 826 1101 . 515 1907 807 317 2015 2030 Remotely . | . . . . . . . . . . . . . . . . . Salvage Created 15544 | . 437 54 . 89 1278 . 694 996 673 . 499 3608 1306 348 1786 3776 Parts 731 | . 31 6 . 3 77 . 30 45 25 . 34 170 45 13 91 161 Haulers Intercepted 3 | . . . . . 3 . . . . . . . . . . . Recyclers Shooed 13 | . . . . . . . . 1 . . . 7 . . . 5 Parts Field Recycled 74 | . . . . . . . . . . . . 11 . . 35 28 Retrieved Matter 684 | . . . . . . . . . . . . 205 . . 211 268 Parts Self-Destructed . | . . . . . . . . . . . . . . . . . Prevented . | . . . . . . . . . . . . . . . . . Kills | -11 -10 -10 -10 -9 -8 -7 -7 -6 -6 -6 -6 -5 -5 -4 -4 -4 ------- Run | Jun Mat Min Exi Min Mat Fac DSF Fac Gar Fac DSF Fac Ext Fac Gar Fac Combat Hostiles Destroyed 317 | . 10 6 . 7 29 . 12 20 14 . 9 54 18 5 62 71 Melee 18 | . . . . . . . . . 11 . . 4 . . . 3 Guns 56 | . 9 3 . . 4 . 12 8 1 . 9 7 . . 2 1 Cannons 194 | . 1 3 . . 24 . . . . . . 42 16 5 49 54 AOE 36 | . . . . 7 . . . 12 2 . . 1 . . 5 9 Classes Destroyed 23 | . 3 . . 3 6 . 2 2 1 . 1 1 . . 2 2 Worker 21 | . . . . . . . . 3 . . . 5 . . . 13 Builder 13 | . . . . . . . . . . . . 2 3 . . 8 Tunneler 2 | . . . . . 1 . . . . . . . . . . 1 Hauler 3 | . . . . . 3 . . . . . . . . . . . Recycler 15 | . . . . 1 1 . . . . . . 6 1 1 . 5 Mechanic 1 | . . . . . . . . . . . . . . . . 1 Operator 7 | . . . . . 2 . . 2 . . . 1 2 . . . Watcher 23 | . 3 . . . 5 . . 2 . . . 6 . 1 1 5 Swarmer 40 | . 2 6 . . 7 . . . . . 6 . . . 19 . Cutter 2 | . . . . . . . . . . . . . . . 2 . Saboteur 5 | . . . . . . . . . . . . . . . 4 1 Grunt 138 | . 8 . . . 10 . 8 15 9 . . 29 5 . 16 38 Brawler 5 | . . . . . 1 . . 1 . . . 1 . . . 2 Duelist 9 | . . . . . 1 . 1 . 1 . . . . . . 6 Protector 1 | . . . . . . . . . . . . . . . . 1 Sentry 28 | . . . . . 10 . . 1 2 . . 4 5 1 4 1 Demolisher 2 | . . . . 2 . . . . . . . . . . . . Specialist 3 | . . . . . . . 2 . . . 1 . . . . . Hunter 27 | . . . . . . . . . . . 1 4 6 2 6 8 Programmer 43 | . . . . . . . . 3 . . . 16 . 2 8 14 Heavy 2 | . . . . . . . 1 . . . 1 . . . . . Behemoth 7 | . . . . . . . . . 2 . . . 2 . 3 . Assembled 5 | . . . . 5 . . . . . . . . . . . . Butcher 1 | . . . . . . . . . . . . . . . 1 . Best Kill Streak 14 | . 5 4 . 5 4 . 6 7 3 . 3 10 11 3 12 14 Combat Bots Only 12 | . 4 4 . 5 4 . 6 6 3 . 3 5 7 2 12 9 Max Kills in Single Turn 5 | . 2 1 . 2 1 . 2 3 1 . 1 2 2 1 3 5 Gunslinging 1 | . 1 . . . . . 1 . . . . . . . . . Exploded 3 | . . . . 2 . . . 3 1 . . 1 . . 3 1 Melee 1 | . . . . . . . . . 1 . . 1 . . . 1 Uniques/NPCs Destroyed 1 | . . . . 1 . . . . . . . . . . . . YI-UF0 (-9/Mines) Combat | -11 -10 -10 -10 -9 -8 -7 -7 -6 -6 -6 -6 -5 -5 -4 -4 -4 -------- Run | Jun Mat Min Exi Min Mat Fac DSF Fac Gar Fac DSF Fac Ext Fac Gar Fac Damage Taken 20237 | . 351 47 . 351 796 . 759 1329 2919 . 738 3945 777 333 2774 5118 Core 2232 | . 54 8 . 67 67 . 170 52 371 . 27 215 50 47 215 889 Absorbed by Shields 7035 | . . . . . 148 . 217 277 535 . 280 591 204 126 1100 3557 Regen/Repaired (Parts) 1011 | . . . . . 215 . . 160 . . . 526 85 . . 25 Core Remaining (%) 71 | 100 . . . 48 87 . 75 . . . 47 . 73 . . . Volleys Fired 1003 | . 32 12 . 15 104 . 54 98 57 . 50 186 48 20 155 172 Largest 3 | . 2 2 . 2 2 . 2 2 2 . 2 2 2 3 3 3 Hottest 239 | . 85 100 . 68 110 . 50 64 108 . 134 164 134 239 239 193 Shots Fired 2076 | . 64 24 . 25 206 . 105 130 72 . 84 363 94 53 446 410 Gun 576 | . 62 12 . . 49 . 105 113 62 . 84 66 . . 9 14 Cannon 1432 | . 2 12 . 4 157 . . . . . . 297 94 53 432 381 Launcher 68 | . . . . 21 . . . 17 10 . . . . . 5 15 Special . | . . . . . . . . . . . . . . . . . Kinetic 1254 | . 2 12 . 4 104 . 105 113 38 . 49 184 46 27 298 272 Thermal 669 | . 62 12 . . 102 . . . 24 . 35 159 . 13 139 123 Explosive 68 | . . . . 21 . . . 17 10 . . . . . 5 15 Electromagnetic 85 | . . . . . . . . . . . . 20 48 13 4 . Robot Hit Streak 52 | . 13 16 . 11 32 . 25 23 52 . 25 32 16 12 26 30 Robot Miss Streak 3 | . 3 3 . 3 3 . 2 2 1 . 3 2 2 2 2 3 Penetration Max 1 | . . . . . . . . . 1 . 1 1 . . . . Secondary Targets 13 | . 4 . . . . . 5 1 . . 3 . . . . . Max Gunslinging Chain 1 | . 1 . . . . . 1 1 . . 1 . . . . . Shots Hit Robots 1562 | . 53 15 . 17 155 . 93 105 102 . 64 302 72 34 228 322 Core Hits 744 | . 25 7 . 25 58 . 27 64 44 . 28 121 38 10 102 195 Critical Kills 13 | . . . . . 1 . . . . . . 3 . . 5 4 Critical Parts Destroyed 20 | . . . . . . . 1 . . . 10 9 . . . . Critical Strikes 84 | . 1 . . . 4 . 1 . 11 . 10 23 5 1 12 16 Burn 2 | . . . . . 1 . . . 1 . . . . . . . Meltdown 10 | . . . . . 1 . . . . . . . . . 5 4 Destroy 23 | . . . . . . . 1 . . . 10 12 . . . . Blast 35 | . 1 . . . 2 . . . . . . 10 4 1 7 10 Corrupt 1 | . . . . . . . . . . . . . 1 . . . Sever 13 | . . . . . . . . . 10 . . 1 . . . 2 Melee Attacks 123 | . . . . . . . . . 85 13 . 10 . . . 15 Impact 2 | . . . . . . . . . . . . . . . . 2 Slashing 121 | . . . . . . . . . 85 13 . 10 . . . 13 Piercing . | . . . . . . . . . . . . . . . . . Sneak Attacks . | . . . . . . . . . . . . . . . . . Combat Hostiles . | . . . . . . . . . . . . . . . . . Follow-up Attacks 11 | . . . . . . . . . 7 . . 1 . . . 3 Damage Inflicted 55595 | . 602 265 . 575 3029 . 1886 3361 4143 . 1171 10834 2958 1249 9234 16288 Guns 8202 | . 569 141 . . 619 . 1886 1585 517 . 1171 1351 . . 96 267 Cannons 35519 | . 33 124 . 49 2410 . . . . . . 8985 2841 1177 8538 11362 Explosions 8292 | . . . . 526 . . . 1776 912 . . 132 117 72 600 4157 Melee 3582 | . . . . . . . . . 2714 . . 366 . . . 502 Ramming . | . . . . . . . . . . . . . . . . . Kinetic 25061 | . 33 124 . 49 1331 . 1886 1585 275 . 431 4968 1258 662 5079 7380 Thermal 17411 | . 569 141 . . 1698 . . . 242 . 740 4697 117 324 3428 5455 Explosive 6765 | . . . . 526 . . . 1776 912 . . . . . 600 2951 Electromagnetic 2776 | . . . . . . . . . . . . 803 1583 263 127 . Impact 58 | . . . . . . . . . . . . . . . . 58 Slashing 3524 | . . . . . . . . . 2714 . . 366 . . . 444 Piercing . | . . . . . . . . . . . . . . . . . Highest Corruption 7 | . . . . . . . . 5 5 5 7 7 7 1 2 4 Average Corruption 4 | . . . . . . . . 4 5 5 6 4 3 1 1 4 Corruption Purged 14 | . . . . . . . . . . . . 4 7 . 3 . Corruption Blocked . | . . . . . . . . . . . . . . . . . Effects 232 | . . . . . . . . 31 46 1 17 99 24 2 3 9 Message Errors 59 | . . . . . . . . 8 14 . 4 23 8 . . 2 Matter Fused 65 | . . . . . . . . 8 13 . 3 27 9 1 1 3 Heat Flow Errors 25 | . . . . . . . . 4 3 1 2 11 2 . 1 1 Energy Discharges 22 | . . . . . . . . 2 3 . 2 12 1 . 1 1 Parts Rejected 3 | . . . . . . . . . 1 . . 2 . . . . Parts Fused 1 | . . . . . . . . . . . . 1 . . . . Data Loss (minor) 26 | . . . . . . . . 3 6 . 3 12 . 1 . 1 Data Loss (major) 9 | . . . . . . . . 4 . . 1 2 2 . . . Misfires 5 | . . . . . . . . . 1 . . 3 . . . 1 Alerts 7 | . . . . . . . . 1 2 . 1 3 . . . . Weapon Failures 10 | . . . . . . . . 1 3 . 1 3 2 . . . Overload Shots . | . . . . . . . . . . . . . . . . . Overflow Damage 1858 | . . . . 22 59 . . 22 70 . . 449 46 101 290 799 Projectiles 1399 | . . . . . 59 . . . . . . 449 46 89 266 490 Explosions 392 | . . . . 22 . . . 22 3 . . . . 12 24 309 Melee 67 | . . . . . . . . . 67 . . . . . . . Knockbacks 172 | . 1 . . 1 16 . . . . . . 31 4 4 43 72 Impact . | . . . . . . . . . . . . . . . . . Kinetic 158 | . 1 . . 1 15 . . . . . . 27 4 4 39 67 Secondary 14 | . . . . . 1 . . . . . . 4 . . 4 5 Self-Inflicted Damage 407 | . . . . 1 . . . 14 29 . . 46 . 99 . 218 Shots 13 | . . . . 1 . . . 1 2 . . 1 . 2 . 6 Rammed . | . . . . . . . . . . . . . . . . . Targets Rammed . | . . . . . . . . . . . . . . . . . Kicked . | . . . . . . . . . . . . . . . . . Crushed . | . . . . . . . . . . . . . . . . . Highest Temperature 766 | . 300 120 . 60 386 . 766 74 129 82 444 488 161 352 377 518 Average Temperature 109 | . 82 45 . 22 98 . 261 36 57 47 157 92 44 116 124 125 Received Heat Transfer 6716 | . 273 . . 100 472 . 286 668 1352 . . 1246 214 36 357 1712 Effects 32 | . 1 . . . 1 . 6 . . . . 2 . . 6 16 Shutdowns 9 | . . . . . . . . . . . . 1 . . 1 7 Energy Bleed 10 | . 1 . . . . . 1 . . . . 1 . . 2 5 Interference 4 | . . . . . . . . . . . . . . . 3 1 Matter Decay 1 | . . . . . . . . . . . . . . . . 1 Short Circuit 3 | . . . . . 1 . 1 . . . . . . . . 1 Damage (major) 5 | . . . . . . . 4 . . . . . . . . 1 Siege Activations . | . . . . . . . . . . . . . . . . . Robots Corrupted 2 | . . . . . . . . . . . . . 2 . . . Combat Hostiles 2 | . . . . . . . . . . . . . 2 . . . Parts Fried 10 | . . . . . . . . . . . . 1 7 1 1 . Impact Corruptions 2 | . . . . . . . . . . . . . . . 1 1 Robots Melted 12 | . . . . . 1 . . . . . 1 . . . 6 4 Combat Hostiles 11 | . . . . . 1 . . . . . . . . . 6 4 Parts Melted 20 | . 1 . . . 1 . . . . . 2 3 . . 8 5 Heat Transferred 20829 | . 1299 296 . . 3182 . . . 518 . 962 6449 100 272 3254 4497 Parts Sabotaged 8 | . . . . . . . . . . . . . . . . 8 Parts Stolen . | . . . . . . . . . . . . . . . . . Parts Stripped . | . . . . . . . . . . . . . . . . . Power Chain Reactions 1 | . . . . . . . . . . . . . 1 . . . Missiles Intercepted 1 | . . . . . . . . . . . . . . . 1 . Alert | -11 -10 -10 -10 -9 -8 -7 -7 -6 -6 -6 -6 -5 -5 -4 -4 -4 ------- Run | Jun Mat Min Exi Min Mat Fac DSF Fac Gar Fac DSF Fac Ext Fac Gar Fac Peak Influence 2526 | . 261 123 . 40 345 . 285 368 1175 466 462 452 288 190 2526 2097 Initial 984 | . . . . . . . . 111 99 457 251 180 5 57 78 984 Average 436 | . 52 39 . 2 62 . 160 113 653 463 353 138 134 71 1378 1466 Maximum Alert Level 5 | . 1 . . . 1 . 1 1 4 2 2 2 1 . 5 5 Low Security (%) 59 | 100 85 100 . 100 93 100 59 84 2 . . 87 77 100 4 . Level 1 10 | . 14 . . . 6 . 40 15 17 . 63 10 22 . 3 . Level 2 7 | . . . . . . . . . 39 100 36 2 . . 13 . Level 3 7 | . . . . . . . . . 35 . . . . . 13 28 Level 4 7 | . . . . . . . . . 4 . . . . . 28 35 Level 5 7 | . . . . . . . . . . . . . . . 36 28 High Security . | . . . . . . . . . . . . . . . . 7 Max Security . | . . . . . . . . . . . . . . . . . Sterilizations 2 | . . . . . . . 1 . . . 1 . . . . . Squads Dispatched 73 | . 1 1 . . 4 . 2 9 . . 2 26 5 2 . 21 Investigation 27 | . 1 1 . . 2 . . 3 . . . 14 3 1 . 2 Extermination 15 | . . . . . . . . 3 . . . 7 . 1 . 4 Reinforcement 14 | . . . . . 2 . 2 3 . . 2 . 2 . . 3 Assault 12 | . . . . . . . . . . . . . . . . 12 Garrison 5 | . . . . . . . . . . . . 5 . . . . Intercept . | . . . . . . . . . . . . . . . . . Searches Triggered . | . . . . . . . . . . . . . . . . . Construction Impeded 3 | . . . . . . . . . . . . . . . . 3 Haulers Reinforced 1 | . . . . . . . . 1 . . . . . . . . Active Scanning Responses 4 | . . . . . . . . . . . . 4 . . . . Cargo Convoy Interrupts . | . . . . . . . . . . . . . . . . . Stealth | -11 -10 -10 -10 -9 -8 -7 -7 -6 -6 -6 -6 -5 -5 -4 -4 -4 --------- Run | Jun Mat Min Exi Min Mat Fac DSF Fac Gar Fac DSF Fac Ext Fac Gar Fac Distress Signals 15 | . 1 . . . 3 . . . . . . 5 1 . 1 4 Communications Jammed . | . . . . . . . . . . . . . . . . . Distress Signals . | . . . . . . . . . . . . . . . . . Times Spotted 455 | . 14 6 . 15 42 . 13 28 31 . 12 82 28 6 67 111 Peak Tracking Total 12 | . 6 2 . 6 4 . 5 6 6 . 3 6 8 2 10 12 Tactical Retreats 17 | . . . . . . . 1 . . . 1 5 1 . 5 4 Traps | -11 -10 -10 -10 -9 -8 -7 -7 -6 -6 -6 -6 -5 -5 -4 -4 -4 ------- Run | Jun Mat Min Exi Min Mat Fac DSF Fac Gar Fac DSF Fac Ext Fac Gar Fac Traps Triggered 30 | . 4 . . . . . 1 1 3 . 1 7 3 . 8 2 Indirectly . | . . . . . . . . . . . . . . . . . Trap Hack Attempts . | . . . . . . . . . . . . . . . . . Triggered . | . . . . . . . . . . . . . . . . . Disarmed 30 | . 3 . . . 17 . . 6 . . . . 3 1 . . Reprogrammed 5 | . . . . . . . . . . . . 5 . . . . Reused 4 | . . . . . . . . . . . . 4 . . . . Traps Extracted . | . . . . . . . . . . . . . . . . . Installed . | . . . . . . . . . . . . . . . . . Triggered 4 | . . . . . . . . . . . . 4 . . . . Machines | -11 -10 -10 -10 -9 -8 -7 -7 -6 -6 -6 -6 -5 -5 -4 -4 -4 ---------- Run | Jun Mat Min Exi Min Mat Fac DSF Fac Gar Fac DSF Fac Ext Fac Gar Fac Machines Disabled 64 | . . 1 . . 3 . . 8 6 . . 7 2 6 10 21 Max in Single Turn 8 | . . 1 . . 1 . . 2 2 . . 3 1 5 1 8 Garrison Access 1 | . . . . . . . . . . . . 1 . . . . Garrison Relay 9 | . . . . . . . . . 4 . . . . . 5 . Phase Generator 1 | . . . . . . . . . 1 . . . . . . . Machines Repaired . | . . . . . . . . . . . . . . . . . Machines Sabotaged . | . . . . . . . . . . . . . . . . . Overloaded Fab Kills . | . . . . . . . . . . . . . . . . . Hacking | -11 -10 -10 -10 -9 -8 -7 -7 -6 -6 -6 -6 -5 -5 -4 -4 -4 --------- Run | Jun Mat Min Exi Min Mat Fac DSF Fac Gar Fac DSF Fac Ext Fac Gar Fac Machines Accessed 84 | . 6 1 1 . 16 1 . 11 2 3 . 23 13 3 2 2 Terminals 50 | . 4 . . . 10 1 . 5 2 3 . 10 11 1 2 1 Fabricators 5 | . . . . . . . . 2 . . . 3 . . . . Repair Stations 10 | . . . . . 2 . . 2 . . . 4 1 . . 1 Recycling Units 9 | . 2 . . . 2 . . . . . . 3 1 1 . . Scanalyzers 5 | . . . . . 2 . . 1 . . . 2 . . . . Garrison Access 3 | . . . . . . . . 1 . . . 1 . 1 . . Total Hacks 231 | . 15 1 1 . 53 1 . 40 3 9 . 65 27 6 2 8 Successful 156 | . 9 1 1 . 43 1 . 23 2 4 . 43 18 5 2 4 Failed 75 | . 6 . . . 10 . . 17 1 5 . 22 9 1 . 4 Catastrophic 9 | . 1 . . . 1 . . 2 . . . 3 2 . . . Database Lockouts . | . . . . . . . . . . . . . . . . . Manual 1 | . . . . . . . . . . . . 1 . . . . Terminals 135 | . 11 . . . 28 1 . 24 3 9 . 27 22 3 2 5 Fabricators 15 | . . . . . . . . 5 . . . 10 . . . . Repair Stations 34 | . . . . . 9 . . 7 . . . 12 3 . . 3 Recycling Units 19 | . 4 . . . 6 . . . . . . 5 2 2 . . Scanalyzers 22 | . . . . . 10 . . 2 . . . 10 . . . . Garrison Access 4 | . . . . . . . . 2 . . . 1 . 1 . . Terminal Hacks 77 | . 6 1 1 . 19 1 . 11 2 4 . 12 14 2 2 2 Record 13 | . . . 1 . 3 . . . . 2 . 4 3 . . . Part Schematic 4 | . . . . . . . . 1 . . . 1 1 1 . . Robot Schematic 1 | . . . . . . . . 1 . . . . . . . . Robot Analysis 3 | . 2 . . . . . . . . . . 1 . . . . Prototype ID Bank 2 | . 1 . . . . . . . . . . 1 . . . . Open Door 9 | . . 1 . . . . . . . . . 1 6 . 1 . Open DSF 4 | . . . . . . 1 . 1 . 1 . 1 . . . . Level Access Points 1 | . . . . . 1 . . . . . . . . . . . Branch Access Points 2 | . . . . . 1 . . 1 . . . . . . . . Emergency Access Points 6 | . . . . . 3 . . . 1 . . . . . 1 1 Unreport Threat 6 | . . . . . 4 . . 2 . . . . . . . . Disarm Traps 8 | . 1 . . . 3 . . 1 . . . . 2 1 . . Reprogram Traps 1 | . . . . . . . . . . . . 1 . . . . Dispatch Records 1 | . . . . . 1 . . . . . . . . . . . Maintenance Status 1 | . . . . . . . . 1 . . . . . . . . Security Status 1 | . 1 . . . . . . . . . . . . . . . Surveillance Status 1 | . 1 . . . . . . . . . . . . . . . Patrol Status 1 | . . . . . . . . 1 . . . . . . . . Recall Investigation 1 | . . . . . . . . . . . . . 1 . . . Registered Components 1 | . . . . . 1 . . . . . . . . . . . Registered Prototypes 2 | . . . . . 1 . . 1 . . . . . . . . Zone Layout 7 | . . . . . 1 . . 1 . 1 . 2 1 . . 1 Patrol Navigation 1 | . . . . . . . . . 1 . . . . . . . Fabricator Hacks 10 | . . . . . . . . 3 . . . 7 . . . . Network Status 2 | . . . . . . . . 1 . . . 1 . . . . Load Schematic 4 | . . . . . . . . 1 . . . 3 . . . . Build 4 | . . . . . . . . 1 . . . 3 . . . . Repair Station Hacks 29 | . . . . . 8 . . 6 . . . 10 3 . . 2 Scan Component 14 | . . . . . 4 . . 3 . . . 5 1 . . 1 Repair 14 | . . . . . 4 . . 3 . . . 5 1 . . 1 Refit 1 | . . . . . . . . . . . . . 1 . . . Recycling Unit Hacks 16 | . 3 . . . 6 . . . . . . 4 1 2 . . Report Inventory 10 | . 2 . . . 3 . . . . . . 3 1 1 . . Retrieve Matter 2 | . . . . . 1 . . . . . . 1 . . . . Retrieve Components 4 | . 1 . . . 2 . . . . . . . . 1 . . Scanalyzer 20 | . . . . . 10 . . 2 . . . 8 . . . . Insert Component 10 | . . . . . 5 . . 1 . . . 4 . . . . Analyze 10 | . . . . . 5 . . 1 . . . 4 . . . . Garrison Access Hacks 3 | . . . . . . . . 1 . . . 1 . 1 . . Unlock Access 2 | . . . . . . . . 1 . . . . . 1 . . Seal Access 1 | . . . . . . . . . . . . 1 . . . . Unauthorized Hacks 1 | . . . . . . . . . . . . 1 . . . . Terminals 1 | . . . . . . . . . . . . 1 . . . . Assimilate 1 | . . . . . . . . . . . . 1 . . . . Fabricators . | . . . . . . . . . . . . . . . . . Repair Stations . | . . . . . . . . . . . . . . . . . Recycling Units . | . . . . . . . . . . . . . . . . . Scanalyzers . | . . . . . . . . . . . . . . . . . Garrison Access . | . . . . . . . . . . . . . . . . . Data Cores Recovered . | . . . . . . . . . . . . . . . . . Used . | . . . . . . . . . . . . . . . . . Hacking Detections 57 | . 4 . . . 12 1 . 9 . 2 . 16 9 1 1 2 Full Trace Events 21 | . 1 . . . 2 . . 3 . . . 9 3 1 . 2 Feedback Events 2 | . . . . . . . . . . . . 2 . . . . Corruption 2 | . . . . . . . . . . . . 2 . . . . Feedback Blocked . | . . . . . . . . . . . . . . . . . Robot Schematics Acquired 1 | . . . . . . . . 1 . . . . . . . . Robots Built 6 | . . . . . . . . . . . . 6 . . . . Authchips . | . . . . . . . . . . . . . . . . . Time 228 | . . . . . . . . . . . . 228 . . . . Total Robot Build Rating 30 | . . . . . . . . . . . . 30 . . . . Part Schematics Acquired 12 | . . . . . 4 . . 2 . . . 4 1 1 . . Parts Built 4 | . . . . . . . . 2 . . . 2 . . . . Authchips . | . . . . . . . . . . . . . . . . . Time 106 | . . . . . . . . 53 . . . 53 . . . . Total Part Build Rating 24 | . . . . . . . . 12 . . . 12 . . . . Parts Repaired 14 | . . . . . 4 . . 3 . . . 5 1 . . 1 Time 584 | . . . . . 140 . . 104 . . . 264 56 . . 20 Parts Recycled . | . . . . . . . . . . . . . . . . . Recycled Matter . | . . . . . . . . . . . . . . . . . Retrieved Matter 251 | . . . . . 166 . . . . . . 85 . . . . Retrieved Components 20 | . 6 . . . 11 . . . . . . . . 3 . . Parts Scanalyzed 9 | . . . . . 4 . . 1 . . . 4 . . . . Part Schematics Acquired 8 | . . . . . 4 . . 1 . . . 3 . . . . Parts Damaged 1 | . . . . . 1 . . . . . . . . . . . Bothacking | -11 -10 -10 -10 -9 -8 -7 -7 -6 -6 -6 -6 -5 -5 -4 -4 -4 ------------ Run | Jun Mat Min Exi Min Mat Fac DSF Fac Gar Fac DSF Fac Ext Fac Gar Fac Used RIF Installer 2 | . . . . . . . . . 1 . . . . . 1 . Coupler Efficiency 1 | . . . . . . . . . . . . . . . 1 . Robots Hacked . | . . . . . . . . . . . . . . . . . Non-combat . | . . . . . . . . . . . . . . . . . Combat . | . . . . . . . . . . . . . . . . . Robot Hacks Applied . | . . . . . . . . . . . . . . . . . Relay Couplers Released 42 | . . . . . . . . . 15 . . 3 . . 24 . Machine Destruction 39 | . . . . . . . . . 15 . . . . . 24 . Programmers 3 | . . . . . . . . . . . . 3 . . . . Attached 1 | . . . . . . . . . . . . . . . 1 . Fabnet Peak Effective % . | . . . . . . . . . . . . . . . . . Robots Rewired . | . . . . . . . . . . . . . . . . . Allies Hacked . | . . . . . . . . . . . . . . . . . Hacks Repelled . | . . . . . . . . . . . . . . . . . Allies | -11 -10 -10 -10 -9 -8 -7 -7 -6 -6 -6 -6 -5 -5 -4 -4 -4 -------- Run | Jun Mat Min Exi Min Mat Fac DSF Fac Gar Fac DSF Fac Ext Fac Gar Fac Total Allies 19 | . . 3 . 1 . . . . 2 . . 6 5 . 2 . Largest Group 3 | . . 3 3 3 . . . . 2 . . 3 2 2 2 . Highest-Rated Group 198 | . . 40 40 40 . . . . 157 . . 87 198 198 89 . Highest-Rated Ally 159 | . . 16 16 31 . . . . 95 . . 29 159 159 51 . Total Orders . | . . . . . . . . . . . . . . . . . Ally Attacks 162 | . . 5 . 27 . . . . 37 . . 40 20 9 24 . Total Damage 4058 | . . . . 331 . . . . 2040 . . 620 498 41 528 . Kills 28 | . . . . 7 . . . . 12 . . 2 5 1 1 . Allies Corrupted . | . . . . . . . . . . . . . . . . . Allies Melted . | . . . . . . . . . . . . . . . . . Intel | -11 -10 -10 -10 -9 -8 -7 -7 -6 -6 -6 -6 -5 -5 -4 -4 -4 ------- Run | Jun Mat Min Exi Min Mat Fac DSF Fac Gar Fac DSF Fac Ext Fac Gar Fac Robot Analysis Total 3 | . 2 . . . . . . . . . . 1 . . . . Derelict Logs Recovered 1 | . . . . 1 . . . . . . . . . . . . Drone Launches . | . . . . . . . . . . . . . . . . . Drone Recoveries . | . . . . . . . . . . . . . . . . . Exploration | -11 -10 -10 -10 -9 -8 -7 -7 -6 -6 -6 -6 -5 -5 -4 -4 -4 ------------- Run | Jun Mat Min Exi Min Mat Fac DSF Fac Gar Fac DSF Fac Ext Fac Gar Fac Turns Passed 22368 | 52 1644 825 605 1221 2849 48 331 1594 2204 80 391 4102 1047 727 2627 2021 Spaces Moved 10876 | 43 791 457 485 591 1498 41 153 1025 1213 48 185 1739 617 349 1028 613 Core 27 | 16 . . . . . . . . . . . 6 . . . 5 Treads 72 | . . . . . 72 . . . . . . . . . . . Legs 10536 | 27 791 457 485 591 1426 41 153 1025 1213 48 185 1609 500 349 1028 608 Wheels 241 | . . . . . . . . . . . . 124 117 . . . Hover . | . . . . . . . . . . . . . . . . . Flight . | . . . . . . . . . . . . . . . . . Fastest Speed 50 | 50 120 125 125 125 115 115 116 120 116 116 106 104 107 120 190 120 Average Speed 154 | 96 187 163 125 194 147 115 118 120 147 116 111 141 118 180 190 213 Slowest Speed 2450 | 120 190 190 125 270 190 116 120 120 190 116 190 2200 190 190 190 2450 Overloaded Moves . | . . . . . . . . . . . . . . . . . Propulsion Burnouts . | . . . . . . . . . . . . . . . . . Robots Hopped . | . . . . . . . . . . . . . . . . . Cave-ins Triggered 1 | . . . . . . . . 1 . . . . . . . . Exploration Rate (%) 60 | 3 99 87 92 96 99 1 93 22 99 2 98 45 77 8 97 17 Regions Visited 16 Branch Regions 4 Pre-discovered Areas 1 | . . 1 . . . . . . . . . . . . . . Known Exits Taken 12 | 1 1 1 1 1 1 1 . 1 . 1 . 1 1 1 . . Unknown Exits Taken . | . . . . . . . . . . . . . . . . . Scrap Searched 1 | . . . . 1 . . . . . . . . . . . . Spaces Dug 105 | . . . . . . . . . 30 1 . 1 . . 42 31 Terrain Destroyed 872 | . . . . 65 7 . . 127 128 1 1 61 19 75 107 281 Melee 7 | . . . . . . . . . 6 1 . . . . . . Projectile 258 | . . . . . 7 . . . 24 . . 42 6 14 95 70 AOE 606 | . . . . 65 . . . 127 98 . . 19 13 61 12 211 Terrain Rammed . | . . . . . . . . . . . . . . . . . Walls Destroyed . | . . . . . . . . . . . . . . . . . Machines Disabled . | . . . . . . . . . . . . . . . . . Actions | -11 -10 -10 -10 -9 -8 -7 -7 -6 -6 -6 -6 -5 -5 -4 -4 -4 --------- Run | Jun Mat Min Exi Min Mat Fac DSF Fac Gar Fac DSF Fac Ext Fac Gar Fac Total 14450 | 53 890 511 484 639 1928 41 245 1302 1436 57 288 3008 839 406 1360 963 Wait 1518 | . 16 31 . 23 220 . . 118 2 . . 932 99 3 44 30 Move 10861 | 42 790 456 484 590 1497 40 152 1025 1211 48 184 1738 616 348 1027 613 Hop . | . . . . . . . . . . . . . . . . . Pick Up 298 | 6 23 3 . 2 39 . 11 24 34 . 13 44 31 9 34 25 Fast Attach 20 | 1 4 . . . 2 1 . . 3 . 2 1 . 1 . 5 Attach 186 | 4 4 . . 2 16 . 5 15 23 . 5 34 17 9 23 29 Detach 15 | . . . . . 2 . . . . . . 2 3 4 3 1 Swap 194 | . 9 5 . 5 24 . 8 9 19 . 17 29 8 5 23 33 Drop 190 | . 12 4 . 2 24 . 15 13 10 . 17 29 8 7 16 33 Fire 1003 | . 32 12 . 15 104 . 54 98 57 . 50 186 48 20 155 172 Melee 104 | . . . . . . . . . 75 9 . 8 . . . 12 Ram . | . . . . . . . . . . . . . . . . . Kick . | . . . . . . . . . . . . . . . . . Crush . | . . . . . . . . . . . . . . . . . Escape Stasis 60 | . . . . . . . . . 2 . . 5 8 . 35 10 Rewire 1 | . . . . . . . . . . . . . 1 . . . Trap . | . . . . . . . . . . . . . . . . . Miscellaneous . | . . . . . . . . . . . . . . . . . Route ------- -11/Junkyard -10/Materials (discovered 5 exits: *Mat x3 / *Min x2) -10/Mines (discovered 2 exits: *Mat / *Exi) -10/Exiles -9/Mines (discovered 2 exits: *Mat x2) -8/Materials (discovered 3 exits: *Fac x3) -7/Factory -7/DSF -6/Factory (discovered 3 exits: *Low x2 / Gar) -6/Garrison (discovered 3 exits: *Fac x3) -6/Factory -6/DSF -5/Factory (discovered 2 exits: *Fac / *Ext) -5/Extension (discovered 3 exits: *Fac x2 / *Cet) -4/Factory (discovered 2 exits: *Res / Gar) -4/Garrison (discovered 3 exits: *Fac x3) -4/Factory History --------- Turn | Location | Event 7 | -11/Junkyard | Identified exit to Materials 7 | -11/Junkyard | Discovered exit to Materials (range 14) 53 | -11/Junkyard | Entered Materials 53 | -10/Materials | Evolved 1 slot: Power x1 172 | -10/Materials | Identified exit to Mines 172 | -10/Materials | Discovered exit to Mines (range 15) 504 | -10/Materials | Identified exit to Materials 504 | -10/Materials | Discovered exit to Materials (range 16) 834 | -10/Materials | Build established: Hacker-Mutant 921 | -10/Materials | Discovered exit to Materials (range 16) 1095 | -10/Materials | Discovered exit to Mines (range 15) 1466 | -10/Materials | Discovered exit to Materials (range 16) 1697 | -10/Materials | Entered Mines 1704 | -10/Mines | Received a Rocket Launcher from a helpful Derelict 1729 | -10/Mines | Found a damaged Exp. Sensor Array with a note attached 1733 | -10/Mines | Found Prototype Device 1734 | -10/Mines | Identified Exp. Sensor Array 1919 | -10/Mines | Assisted by bots powering up and referring to "LRC-V3" 2227 | -10/Mines | Met a Derelict shopkeep closing up shop 2342 | -10/Mines | Discovered exit to Materials (range 9) 2487 | -10/Mines | Learned location of Storage (-7) 2511 | -10/Mines | Deemed a non-threat by the Exiles lab entrance 2511 | -10/Mines | Identified exit to Exiles 2511 | -10/Mines | Discovered exit to Exiles (range 5) 2522 | -10/Mines | Entered Exiles 2522 | -10/Exiles | Found Exiles lab abandoned 2522 | -10/Exiles | Accompanied by 3 allies 3112 | -10/Exiles | Identified exit to Mines 3112 | -10/Exiles | Discovered exit to Mines (range 14) 3127 | -10/Exiles | Entered Mines 3127 | -9/Mines | Accompanied by 3 allies 3129 | -9/Mines | Met a Derelict bent on vengeance 3164 | -9/Mines | YI-UF0 nonchalantly dropped a Grenade Launcher on the ground 3306 | -9/Mines | Identified exit to Materials 3306 | -9/Mines | Discovered exit to Materials (range 8) 3368 | -9/Mines | Assembled infested the area 3391 | -9/Mines | Allies destroyed YI-UF0 3451 | -9/Mines | Core integrity fell below 50% 3481 | -9/Mines | Lost 3 parts (1n1u1w) 3790 | -9/Mines | Received a Mining Laser from a helpful Derelict 4348 | -9/Mines | Entered Materials 4348 | -8/Materials | Evolved 4 slots: Propulsion x2, Utility x2 5606 | -8/Materials | Identified exit to Factory 5606 | -8/Materials | Discovered exit to Factory (range 15) 5813 | -8/Materials | Repaired Titanium Leg 6655 | -8/Materials | Repaired Shield Generator 6694 | -8/Materials | Repaired Imp. Heat Sink 6728 | -8/Materials | Repaired Med. Armor Plating 7197 | -8/Materials | Entered Factory 7197 | -7/Factory | Evolved 2 slots: Propulsion x1, Utility x1 7244 | -7/Factory | Identified exit to DSF 7245 | -7/Factory | Entered DSF 7277 | -7/DSF | Additional patrols routed to DSF 7462 | -7/DSF | Sterilization system engaged 7475 | -7/DSF | Found Prototype Device 7477 | -7/DSF | Identified Active Sensor Suite 7482 | -7/DSF | Ambient heat levels rising (+10) 7497 | -7/DSF | Ambient heat levels rising (+10) 7512 | -7/DSF | Ambient heat levels rising (+10) 7527 | -7/DSF | Ambient heat levels rising (+10) 7535 | -7/DSF | Identified exit to Factory 7535 | -7/DSF | Discovered exit to Factory (range 16) 7542 | -7/DSF | Ambient heat levels rising (+10) 7557 | -7/DSF | Ambient heat levels rising (+10) 7572 | -7/DSF | Ambient heat levels rising (+10) 7576 | -7/DSF | Entered Factory 7576 | -6/Factory | Evolved 2 slots: Propulsion x1, Utility x1 7655 | -6/Factory | Identified exit to Lower Caves 7655 | -6/Factory | Discovered exit to Lower Caves (range 5) 7684 | -6/Factory | Crushed by falling debris 7757 | -6/Factory | Lost 5 parts (2p1u2w) 8409 | -6/Factory | Repaired Flexi-carbon Leg 8449 | -6/Factory | Repaired Missile Launcher 8561 | -6/Factory | Repaired Shield Generator 8968 | -6/Factory | Fabricated Neutrino Core? 9170 | -6/Factory | Identified exit to Garrison 9170 | -6/Factory | Entered Garrison 9198 | -6/Garrison | Triggered checkpoint 9227 | -6/Garrison | Garrison Relay disabled 9248 | -6/Garrison | Garrison Relay disabled 9318 | -6/Garrison | Triggered checkpoint 9319 | -6/Garrison | Spotted B-75 Beast 9331 | -6/Garrison | Triggered checkpoint 9349 | -6/Garrison | Destroyed B-75 Beast 9455 | -6/Garrison | Lost 9 parts (1p4n2u2w) 9504 | -6/Garrison | Triggered checkpoint 9552 | -6/Garrison | Identified exit to Factory 9552 | -6/Garrison | Discovered exit to Factory (range 12) 9570 | -6/Garrison | Triggered checkpoint 9612 | -6/Garrison | Garrison Relay disabled 9791 | -6/Garrison | Phase Generator disabled 9841 | -6/Garrison | Found embedded Infiltrators 10588 | -6/Garrison | Triggered checkpoint 10692 | -6/Garrison | Discovered exit to Factory (range 21) 10808 | -6/Garrison | Triggered checkpoint 10874 | -6/Garrison | Spotted B-75 Beast 10880 | -6/Garrison | Triggered checkpoint 10959 | -6/Garrison | Destroyed B-75 Beast 10989 | -6/Garrison | Lost 10 parts (2p6n2u) 11137 | -6/Garrison | Garrison Relay disabled 11157 | -6/Garrison | Discovered exit to Factory (range 8) 11171 | -6/Garrison | Installed Relay Interface Framework 11374 | -6/Garrison | Entered Factory 11454 | -6/Factory | Identified exit to DSF 11454 | -6/Factory | Entered DSF 11493 | -6/DSF | Additional patrols routed to DSF 11572 | -6/DSF | Core integrity fell below 50% 11714 | -6/DSF | Found Active Sensor Suite 11734 | -6/DSF | Identified exit to Factory 11734 | -6/DSF | Discovered exit to Factory (range 14) 11746 | -6/DSF | Sterilization system engaged 11766 | -6/DSF | Ambient heat levels rising (+10) 11781 | -6/DSF | Ambient heat levels rising (+10) 11796 | -6/DSF | Ambient heat levels rising (+10) 11811 | -6/DSF | Ambient heat levels rising (+10) 11826 | -6/DSF | Ambient heat levels rising (+10) 11841 | -6/DSF | Ambient heat levels rising (+10) 11845 | -6/DSF | Entered Factory 11845 | -5/Factory | Evolved 2 slots: Propulsion x1, Utility x1 11902 | -5/Factory | Repaired Mic. Antimatter Reactor 12152 | -5/Factory | Build established: Hacker-Skirmisher 12303 | -5/Factory | Fabricated Neutrino Core? 12454 | -5/Factory | Garrison activated, responded to threat 13023 | -5/Factory | Repaired Biometal Leg 13811 | -5/Factory | Repaired Biometal Leg 14207 | -5/Factory | Fabricated G-50 Soldier? 14233 | -5/Factory | Garrison activated, responded to threat 14694 | -5/Factory | Identified exit to Factory 14694 | -5/Factory | Discovered exit to Factory (range 21) 14928 | -5/Factory | Garrison activated, responded to threat 15014 | -5/Factory | Fabricated G-50 Soldier? 15135 | -5/Factory | Repaired Hrd. Medium Armor Plating 15195 | -5/Factory | Repaired Neutrino Core 15632 | -5/Factory | Lost 9 parts (5n2u2w) 15855 | -5/Factory | Identified exit to Extension 15855 | -5/Factory | Discovered exit to Extension (range 15) 15947 | -5/Factory | Entered Extension 16004 | -5/Extension | Rescued a captive Derelict 16097 | -5/Extension | Build established: Scavenger-Mutant 16270 | -5/Extension | Rescued a captive Derelict 16307 | -5/Extension | Rescued a captive Derelict 16349 | -5/Extension | Spotted B-75 Beast 16393 | -5/Extension | Destroyed 7 combat bots 16411 | -5/Extension | Destroyed B-75 Beast 16413 | -5/Extension | Spotted B-75 Beast 16415 | -5/Extension | Destroyed B-75 Beast 16437 | -5/Extension | Discovered exit to Factory (range 3) 16503 | -5/Extension | Build established: Hacker-Mutant 16621 | -5/Extension | Repaired Neutrino Core 16735 | -5/Extension | Rescued a captive Derelict 16760 | -5/Extension | Rescued A7 16980 | -5/Extension | Discovered exit to Factory (range 10) 16981 | -5/Extension | Identified exit to Cetus 16981 | -5/Extension | Discovered exit to Cetus (range 6) 16994 | -5/Extension | Entered Factory 16994 | -4/Factory | Accompanied by 2 allies (A7) 16994 | -4/Factory | Evolved 2 slots: Power x1, Weapon x1 17288 | -4/Factory | Found Unknown Device 17291 | -4/Factory | Identified Quantum Capacitor 17336 | -4/Factory | Identified exit to Research 17336 | -4/Factory | Discovered exit to Research (range 10) 17656 | -4/Factory | Build established: Hacker-Tank 17715 | -4/Factory | Identified exit to Garrison 17721 | -4/Factory | Entered Garrison 17798 | -4/Garrison | Triggered checkpoint 17894 | -4/Garrison | Destroyed 10 combat bots 17965 | -4/Garrison | Garrison Relay disabled 17986 | -4/Garrison | Triggered checkpoint 18256 | -4/Garrison | Spotted B-86 Titan 18269 | -4/Garrison | Triggered checkpoint 18279 | -4/Garrison | Triggered checkpoint 18282 | -4/Garrison | Destroyed B-86 Titan 18326 | -4/Garrison | Triggered checkpoint 18350 | -4/Garrison | Lost 6 parts (1p2n3u) 18353 | -4/Garrison | Destroyed 12 combat bots 18372 | -4/Garrison | Triggered checkpoint 18560 | -4/Garrison | Lost 4 parts (2n2u) 18574 | -4/Garrison | Identified exit to Factory 18574 | -4/Garrison | Discovered exit to Factory (range 11) 18637 | -4/Garrison | Triggered checkpoint 18707 | -4/Garrison | Garrison Relay disabled 18872 | -4/Garrison | Discovered exit to Factory (range 8) 18944 | -4/Garrison | Triggered checkpoint 18964 | -4/Garrison | Build established: Scavenger-Tank 19004 | -4/Garrison | Garrison Relay disabled 19107 | -4/Garrison | Spotted B-90 Cyclops 19141 | -4/Garrison | Destroyed B-90 Cyclops 19171 | -4/Garrison | Lost 3 parts (1n1u1w) 19354 | -4/Garrison | Expanded RIF knowledge: Coupler Efficiency 19396 | -4/Garrison | Rescued a captive Derelict 19396 | -4/Garrison | Rescued a captive Derelict 19446 | -4/Garrison | Discovered exit to Factory (range 12) 19450 | -4/Garrison | Triggered checkpoint 19497 | -4/Garrison | Garrison Relay disabled 19752 | -4/Garrison | Triggered checkpoint 19780 | -4/Garrison | Garrison Relay disabled 20025 | -4/Garrison | Spotted B-86 Titan 20031 | -4/Garrison | Destroyed B-86 Titan 20091 | -4/Garrison | Found Unknown Hackware 20092 | -4/Garrison | Identified Relay Coupler [Proto] 20096 | -4/Garrison | Found Relay Coupler [Proto] 20101 | -4/Garrison | Found Relay Coupler [Proto] 20104 | -4/Garrison | Found Relay Coupler [Proto] 20348 | -4/Garrison | Entered Factory 20627 | -4/Factory | First assault squad dispatched 21321 | -4/Factory | Destroyed 7 combat bots 21591 | -4/Factory | Destroyed 7 combat bots 21591 | -4/Factory | Lost 4 parts (2p2u) 21849 | -4/Factory | Repaired Adv. Power Amplifier 21942 | -4/Factory | Lost 3 parts (2n1w) 21948 | -4/Factory | Destroyed 9 combat bots 22011 | -4/Factory | Build established: Hacker-Mutant 22222 | -4/Factory | High security lockdown imminent 22230 | -4/Factory | Core integrity fell below 50% 22302 | -4/Factory | High security lockdown engaged 22326 | -4/Factory | Lost 16 parts (3p10u3w) 22343 | -4/Factory | Core integrity fell below 20% 22369 | -4/Factory | Destroyed by G-67 Veteran with Field Laser Last Messages --------------- 22311_ The unstable cave ceiling collapses. 22312_ G-67 Veteran destroyed. 22315_ Acquired 26 matter. 22318_ The unstable cave ceiling collapses. 22322_ ALERT: Assault forces dispatched. 22329_ BXXJFQ5O=FWU42W|0PDP:WLX 22334_ W-44 Eye distress signal alerts nearby ally. 22348_ Acquired Flexi-carbon Leg. 22348_ Neutrino Core destroyed. 22350_ Dropped Huge Storage Unit. 22351_ Power Amplifier destroyed. 22354_ C-30 ARC bursts open, deploying its payload. 22354_ G-73 Enforcer unfolds itself. 22354_ B-60 Warrior unfolds itself. 22354_ G-67 Veteran unfolds itself. 22354_ E-15 Imp unfolds itself. 22360_ B-60 Warrior destroyed. 22363_ Critical hit (Burn: +37). 22364_ Acquired Hvy. Mace. 22365_ Flexi-carbon Leg destroyed. Map ----- +----------------------------------------------------+ | ?????????????????????????????????????????????????? | | ?????????????????????????????????????????????????? | | ?????????????????????????????????????????????????? | | ?????????????????????????????????????????????????? | | ?????????????????????????????????????????????????? | | ?????????????????????????????????????????????????? | | ?????????????????????????????????????????????????? | | ?????????????????????????????????????????????????? | | ?????????????????????????????????????????????????? | | ?????????????????????????????????????????????????? | | ?????????????????????????????????????????????????? | | ?????????????????????????????????????????????????? | | ???????????????????????????? ???????????????????? | | ???????????????????????????? ???????????????? | | ???????????????????????????? #????????????? | | ???????????????????????????? #?????????? | | ??????????????????????????? #?????????? [ | | ??????????????????????????? #?????????? | | ??????????????????????????? #?????????? | | ??????????????????????????? #??????????? | | ??????????????????????????? #?????????#### | | ??????????????????????????? ??????????###### | | ????????????????? # ### ###?#### ## | | ????????????????? #########%######+######## # # | | ????????????????? # g ##### # ### | | ????????????????? # " @]g """ #### | | ?????????????????## " %gg """ ###" % | | ?????????????????## " e """ #### | | ?????????????????## """ ### | | ??????????? + =% !%% ## % %% | | ???????????######## [ # ## ##### | | ???????????########### ####### ! ## ## | | ?????????????????#### ## % # | | ???????????????? [ #### | | ?????????????? ##### | | ?????????????? k kR k ##### | | ??????????????############ ##### | | ??????????????###############+########## #+##### | | ???????????????????????? # # | | ?????????????????????????????? # # | | ?????????????????????????????? # = # | | ?????????????????????????????? # # | | ?????????????????????????????? # = # | | ?????????????????????????????? # # | | ?????????????????????????????? # # | | ??????????????????????????????#################### | | ??????????????????????????????#"""""""""""""###### | | ??????????????????????????????????????"" " "#????# | | ?????????????????????????????????????? "#????# | | ??????????????????????????????????????##+#######?# | +----------------------------------------------------+ Best States ------------- Heat Dissipation 117 Coolant Potential 80 Energy Generation 72 Energy Capacity 630 Matter Stores 300 Matter Capacity 300 Sight Range 22 Robot Scan Range 20 Terrain Scan Density 10 Power Amplification 40 Additional Mass Support 9 Base Temperature (-) 150 Corruption Containment 12 Armor Coverage 450 Resistance: KI 35 Resistance: TH 35 Resistance: EX 35 Resistance: EM 35 Resistance: I 35 Resistance: S 35 Resistance: P 35 Point Defense Rating 160 Weapon Cycling 25 Phase Shifting 10 Evasion (%) 60 Targeting Accuracy 5 Target Analysis 6 Recoil Reduction 2 Matter Filtering 30 Kinecelleration 30 Offensive Hacking 34 Defensive Hacking 10 Relay Coupler Types 1 Relay Coupler Value 20 Item Schematics ----------------- Cryofiber Web | -8/Materials | Scanalyzed Adv. Weight Redist. System | -8/Materials | Scanalyzed Hcp. Storage Unit | -8/Materials | Scanalyzed Particle Gun | -8/Materials | Scanalyzed Flexi-carbon Leg | -6/Factory | Scanalyzed Neutrino Core | -6/Factory | Hacked Imp. Concussive RPG | -5/Factory | Scanalyzed Adv. Component Analysis Suite | -5/Factory | Hacked Power Sword | -5/Factory | Scanalyzed Hrd. Medium Armor Plating | -5/Factory | Scanalyzed Biometal Leg | -5/Extension | Hacked Fusion Bomb Launcher | -4/Factory | Hacked Robot Schematics ------------------ G-50 Soldier | -6/Factory | Hacked Fabricated ------------ Neutrino Core | x2 | -6/Factory Neutrino Core | x2 | -5/Factory G-50 Soldier | x3 | -5/Factory G-50 Soldier | x3 | -5/Factory Alien Tech Used ----------------- None Achievements -------------- None Challenges ------------ None Game ------ Seed MiniDisposableField Manual? 0 Play Time 04:30:25 Cumulative 192.0 hours Start 2024.01.03 @ 18:29:19 End 2024.01.06 @ 15:30:42 Sessions 9 Manual Loads 0 Difficulty Explorer Special Mode None Game No. 143 Rogue 0 Adventurer 102 Explorer 41 Win Type - Total 0 Types 0/0/0/0/0/0/0/0/0 Lore% 48 Gallery% 64 Achievement% 49 Wizard Run 0 Options --------- ASCII 0 Keyboard 0 Movement Mouse Keybinds 0 Fullscreen 1 Font 24/Smallcaps Map View 76x50 Tactical HUD 1 Map Filters NONE Filters NONE Steam 1 RUN: ae5f3619-4567-421f-96fe-b98b10810730